cohdb
Replays
Latest Replays
All Replays
Popular Replays
Top Player Replays
Match Explorer
How It Works
Community
CoH3 Stats
Reddit
Sign in to upload your games and track your stats! →
Sign in with Steam
Match 42791202
Unlisted
Match 42791202
Overview
Messages
Build Orders
End
Kradschützen Motorcycle Team
Selects Battlefield Espionage Battlegroup
Selects Sector Subterfuge Beacon
Panzergrenadier Squad
Panzergrenadier Squad
Panzergrenadier Squad
Construct Light Support Kompanie
Selects 250/3 Funkpanzerwagen
Fire Support Elements
Flakvierling Half-track
2.5-tonne Medical Truck
Panzerjäger Mechanized Group
Panzerpioneer Squad
Selects Anti-Tank Incendiary Munitions
Construct Mechanized Kompanie
MG34 Team
Selects Plunder
2.5-tonne Medical Truck
Selects Disruption Operation
StuG III D Assault Gun
StuG III D Assault Gun
Selects Operation Skorpion
Emergency Repair Kits
2.5-tonne Medical Truck
Willaguy
Kikastis
0
0
Comments
sign in to comment!
No comments posted yet!